 Dungeon Crawl Stone Soup version 0.18-a0-596-g6468885 (webtiles) character file.

204507 4thArraOfDagon the Unseen (level 17, -17/152 HPs)
             Began as a Felid Fighter on Dec 3, 2015.
             Was a High Priest of Makhleb.
             Demolished by an iron troll (32 damage)
             ... on level 5 of the Depths.
             The game lasted 03:40:55 (28955 turns).

4thArraOfDagon the Unseen (Felid Fighter)          Turns: 28955, Time: 03:40:55

Health: -17/152    AC: 21    Str: 32    XL:     17   Next: 51%
Magic:  32/32      EV: 27    Int: 13    God:    Makhleb [*****.]
Gold:   617        SH:  0    Dex: 12    Spells: 9 memorised, 1 level left
                                        Lives:  0   Deaths: 5

rFire  + + .     SeeInvis +       - Unarmed
rCold  . . .     Clarity  +     (armour unavailable)
rNeg   + . .     SustAt   .     (shield unavailable)
rPois  ∞         Gourm    .     (helmet unavailable)
rElec  +         Spirit   .     (cloak unavailable)
rCorr  .         Dismiss  .     (gloves unavailable)
rMut   .         Stasis   .     (boots unavailable)
MR     ++++.                    c - amulet of rage
Stlth  ..........               B - ring of Rephug {rC+ Str+7 Int-3}
                                f - ring "Jaci" {rF++ rC- MR+ Str+4 Slay+2}

@: berserking, statue-form, incredibly resistant to hostile enchantments,
extremely unstealthy
A: no armour, no weapons or thrown items, claws 1, fangs 3, see invisible,
berserk 1, carnivore 3, clarity, clumsy 1, (speed 0), magic resistance 1,
(shaggy fur 0), slow metabolism 1, spit poison 1, strong 1, sharp paws
a: Spit Poison, End Transformation, Minor Destruction, Lesser Servant of
Makhleb, Major Destruction, Greater Servant of Makhleb, Renounce Religion, Evoke
Berserk Rage
}: 2/15 runes: decaying, gossamer


You were on level 5 of the Depths.
You worshipped Makhleb.
Makhleb was extremely pleased with you.
You were very full.
You were a stone statue.
You visited 8 branches of the dungeon, and saw 44 of its levels.
You visited 1 bazaar.
You also visited: Labyrinth.

You collected 4122 gold pieces.
You spent 3505 gold pieces at shops.

Inventory:

Jewellery
 c - an amulet of rage (around neck)
 f - a ring "Jaci" (left paw) {rF++ rC- MR+ Str+4 Slay+2}
   (You found it on level 3 of the Elven Halls)

   [ring of slaying]

   It affects your strength (+4).
   It affects your accuracy and damage with ranged weapons and melee attacks
   (+2).
   It greatly protects you from fire.
   It makes you vulnerable to cold.
   It affects your resistance to hostile enchantments.
 t - an uncursed amulet of stasis
 v - the amulet of Mecup {Clar rElec rF+ rN+ Int+3}
   (You bought it in a shop on level 6 of the Dungeon)

   [amulet of clarity]

   It provides mental clarity.
   It affects your intelligence (+3).
   It protects you from fire.
   It insulates you from electricity.
   It protects you from negative energy.
 y - an uncursed ring of wizardry
 z - the ring of Isiar {+/*Tele +Inv rC- rN++ Int+2}
   (You found it on level 4 of the Spider Nest)

   [ring of teleportation]

   It may teleport you next to monsters, and can be evoked to randomly teleport.
   It affects your intelligence (+2).
   It makes you vulnerable to cold.
   It greatly protects you from negative energy.
   It lets you turn invisible.
 A - an uncursed ring of fire
 B - the ring of Rephug (right paw) {rC+ Str+7 Int-3}
   (You found it on level 3 of the Elven Halls)

   [ring of protection from cold]

   It affects your strength (+7).
   It affects your intelligence (-3).
   It protects you from cold.
 D - the ring of Pagoqaem {+/*Tele Stlth+}
   (You bought it in a shop on level 1 of the Depths)

   [ring of teleportation]

   It may teleport you next to monsters, and can be evoked to randomly teleport.
   It makes you more stealthy.
 T - an uncursed amulet of resist corrosion
 V - the ring of Robustness {AC+8}
   (You bought it in a shop on level 2 of the Orcish Mines)

   [ring of protection]

   It affects your AC (+8).
Wands
 o - a wand of draining (3)
 p - a wand of digging (0)
 w - a wand of disintegration (8)
 x - a wand of paralysis (2)
 C - a wand of confusion (8)
 H - a wand of heal wounds (0)
 I - a wand of fire (0)
 K - a wand of slowing (4)
 R - a wand of lightning (0)
 X - a supercharged wand of heal wounds (11)
 Z - a wand of paralysis (12)
Scrolls
 e - 3 scrolls of fear
 g - 2 scrolls of identify
 k - a scroll of recharging
 m - a scroll of fog
 n - 12 scrolls of remove curse
 q - 2 scrolls of magic mapping
 u - 2 scrolls of holy word
 L - 4 scrolls of blinking
 U - 5 scrolls of teleportation
Potions
 a - 2 potions of might
 h - 6 potions of lignification
 i - 3 potions of brilliance
 r - 2 potions of heal wounds
 s - a potion of resistance
 E - a potion of haste
 F - 3 potions of magic
 J - a potion of cure mutation
 P - 7 potions of cancellation
 Q - 2 potions of flight
 S - 4 potions of ambrosia
 W - 7 potions of curing
Books
 j - a book of Battle

   Spells                             Type                      Level
   a - Infusion                       Charms                       1
   b - Shroud of Golubria             Charms/Translocation         2
   c - Song of Slaying                Charms                       2
   d - Spectral Weapon                Hexes/Charms                 3
   e - Regeneration                   Charms/Necromancy            3
Miscellaneous
 d - a plain deck of changes {Dowsing, drawn: 2}
 l - 3 phantom mirrors
 G - a disc of storms
 M - a stone of tremors
 N - a plain deck of changes {the Blade, drawn: 1}
 O - a fan of gales
 Y - a plain deck of defence {the Banshee, drawn: 2}
Comestibles
 b - 17 meat rations


   Skills:
 - Level 11.0 Fighting
 + Level 16.2 Dodging
 * Level 16.4 Stealth
 - Level 16.0 Unarmed Combat
 * Level 10.6 Spellcasting
 * Level 7.0 Charms
 - Level 14.0 Transmutations
 * Level 5.2 Air Magic
 - Level 10.2 Earth Magic
 - Level 12.1 Evocations


You had one spell level left.
You knew the following spells:

 Your Spells              Type           Power        Failure   Level  Hunger
a - Dragon Form           Trmt           #####.....   30%         7    #######
b - Mephitic Cloud        Conj/Pois/Air  ##......     17%         3    #......
c - Ice Form              Ice/Trmt       ####....     8%          4    ###....
d - Condensation Shield   Ice            #.........   91%         4    ###....
e - Stoneskin             Trmt/Erth      #####...     1%          2    None
f - Statue Form           Trmt/Erth      #####....    14%         6    ######.
g - Deflect Missiles      Chrm/Air       ###.......   97%         6    ######.
h - Apportation           Tloc           #.........   12%         1    None
i - Regeneration          Chrm/Necr      ###.......   10%         3    #......


Dungeon Overview and Level Annotations

Branches:
Dungeon (15/15)            Temple (1/1) D:6            Lair (8/8) D:8
  Swamp (4/4) Lair:4       Spider (4/4) Lair:3        Slime (0/6) Lair:6
    Orc (4/4) D:12            Elf (3/3) Orc:3        Depths (5/5) D:15
    Zot (0/5) Depths:5
 Vaults: D:13-14

Altars:
Ashenzari
Cheibriados
Dithmenos
Fedhas
Gozag
Kikubaaqudgha
Makhleb
Nemelex Xobeh
Okawaru
Pakellas
Ru
Sif Muna
Trog
Xom
Yredelemnul
Zin
The Shining One
Beogh
Jiyva

Shops:
D:6 =   D:12 (%   D:13 *   D:14 =   Orc:2 =   Orc:4 %=   Elf:1 [   Depths:1 =

Portals:
Hell: Depths:4 Depths:5
Pandemonium: Depths:3
Ziggurat: Depths:5

Annotations:
D:1 1 exclusion
D:2 Crazy Yiuf
D:3 M4edhros's ghost, weakling OpAr
D:10 exclusion: upstairs
D:11 Nergalle
D:14 Frances
Swamp:2 Louise
Orc:1 exclusion: upstairs
Orc:4 xeno23's ghost, journeyman DgAE
Elf:2 exclusions: deep elf conjurer and deep elf mage, Asterion


Innate Abilities, Weirdness & Mutations

You cannot wear armour.
You are incapable of wielding weapons or throwing items.
You have sharp claws.
You have razor-sharp teeth.
You have supernaturally acute eyesight.
You are carnivorous and can eat meat at any time.
((You cover ground quickly.))
((Your thick and shaggy fur keeps you warm (AC +3, rC+).))
You have a slow metabolism.
Your sharp claws are effective at attacking unaware monsters.
You tend to lose your temper in combat.
You possess an exceptional clarity of mind.
You are clumsy. (Dex -2)
You are resistant to hostile enchantments.
You can spit weak poison.
Your muscles are strong. (Str +2)


Message History

You closely miss the deep troll. Your claw misses the deep troll.
The deep troll is heavily wounded.
The deep troll shaman bites you but does no damage.
The deep troll shaman barely misses you.
The deep troll shaman closely misses you.
The deep troll completely misses you. The deep troll misses you.
The deep troll claws you but does no damage.
Unknown command.
Unknown command.
You eviscerate the deep troll!!!
You kill the deep troll!
Makhleb accepts your kill.
You feel better. The deep troll shaman bites you!
* * * LOW HITPOINT WARNING * * *
The deep troll shaman claws you.
* * * LOW HITPOINT WARNING * * *
The deep troll shaman claws you.
* * * LOW HITPOINT WARNING * * *
The iron troll bites you!!
You die...

...TT....♣≈≈≈......#)#.#.##......
#####....≈.≈≈≈.....#..##.##......
# #....≈≈≈.≈.....#.###.##......
#..P≈P≈≈≈P.......# #.##......
#...T≈≈≈≈≈P....#'###.##......
....≈.≈≈.≈.........#.#####'##
.....≈≈≈≈≈.........#.# #.#
...♣≈.≈≈≈≈.T....(..#.#####.##
.....≈≈≈≈≈≈TT8......#.........
.≈.P.T.∩......##########
.P♣...........'.
..............### ..............#
###############


You could see 2 iron trolls, a deep troll earth mage and a deep troll shaman.

Vanquished Creatures
  A juggernaut (Depths:5)
  Boris (Depths:3)
  Saint Roka (Elf:3)
  A bone dragon (Depths:5)
  Arachne (Spider:4)
  A tentacled monstrosity (Depths:5)
  4 deep elf blademasters (Elf:3)
  2 deep elf master archers (Elf:3)
  2 sphinxes
  2 draconian monks (Depths:5)
  A tengu reaver (Depths:1)
  Roxanne (Elf:2)
  A storm dragon (Depths:5)
  A ghost moth (Spider:4)
  2 fire giants (Depths:5)
  6 deep elf sorcerers
  An iron dragon (Depths:5)
  Maud (D:14)
  Aizul (Swamp:2)
  A frost giant (Depths:5)
  6 emperor scorpions (Spider:4)
  A ghost moth (shapeshifter) (Elf:3)
  4 stone giants
  4 spriggan defenders
  4 very ugly things (Depths:3)
  2 vampire knights
  3 deep elf demonologists
  Nessos (D:14)
  2 green draconians (Depths:5)
  A red draconian (Depths:5)
  6 deep elf annihilators (Elf:3)
  A lorocyproca (Depths:5)
  A mottled draconian (Depths:5)
  Snorg (Lair:3)
  4 ettins
  5 deep elf death magi (Elf:3)
  7 fire dragons
  A deep elf high priest (Elf:3)
  2 yaktaur captains (Depths:5)
  2 ghost crabs
  4 spriggan air magi
  18 hydras
  A great orb of eyes (Depths:5)
  2 ice dragons (Depths:5)
  4 entropy weavers
  A centaur warrior (Orc:1)
  An ogre mage (D:15)
  5 alligators
  The ghost of 4thArraOfDagon the Carver, a novice NaBe of Trog (D:12)
  5 tengu warriors
  2 deep troll shamans
  3 deep troll earth magi
  Urug (Lair:1)
  2 deep elf knights
  11 spriggans
  5 spriggan berserkers
  5 hell knights (Depths:5)
  13 deep trolls
  10 swamp dragons
  An unseen horror (shapeshifter) (Depths:3)
  An unseen horror (D:15)
  3 deep elf summoners
  2 lindwurms (Lair:8)
  A spriggan druid (Swamp:4)
  2 giant orange brains (Depths:5)
  2 hill giants
  Pikel (D:9)
  4 shambling mangroves
  3 orc knights
  7 deep elf conjurers
  3 griffons
  2 cyclopes
  2 orc sorcerers
  A wizard (D:15)
  3 orb spiders
  15 wolf spiders
  4 hornets
  6 ugly things
  2 moths of wrath (Spider:4)
  5 elephants (Lair:8)
  12 spiny frogs
  A centaur zombie (D:12)
  9 torpor snails
  13 yaktaurs
  5 centaur skeletons
  6 demonic crawlers
  A kobold demonologist (D:13)
  6 komodo dragons
  4 trolls
  A deep elf priest (Elf:1)
  A fire drake (Lair:4)
  A polar bear (shapeshifter) (Spider:4)
  A tengu conjurer (Depths:5)
  6 giant leeches
  3 two-headed ogres
  2 polar bears
  A wind drake (Spider:3)
  20 jumping spiders
  A queen bee (shapeshifter) (Depths:5)
  A trapdoor spider zombie (D:13)
  6 bog bodies
  5 blink frogs
  6 slime creatures (Depths:2)
  14 trapdoor spiders
  3 shadows
  4 wyverns
  28 redbacks
  14 deep elf magi
  3 water elementals
  A basilisk (Lair:4)
  A spriggan (shapeshifter) (Elf:3)
  A human (Spider:4)
  54 yaks
  10 tarantellas
  A wraith (D:15)
  11 hippogriffs
  Grum (D:8)
  A yak (shapeshifter) (D:13)
  6 vampire mosquitoes (Swamp:1)
  6 air elementals
  4 hungry ghosts (Lab)
  3 mottled dragons
  8 wolves
  9 deep elf fighters
  2 wargs
  A soldier ant (shapeshifter) (Depths:4)
  9 water moccasins
  20 swamp worms
  A soldier ant (D:15)
  9 insubstantial wisps
  3 sky beasts
  28 wasps
  14 swamp drakes
  22 orc warriors
  9 porcupines
  14 crocodiles
  15 ogres
  2 centaurs (D:9)
  3 big kobolds
  An earth elemental (Lab)
  A wyvern zombie (D:9)
  16 giant frogs
  5 scorpions
  2 electric eels
  5 crimson imps
  16 orc priests
  9 hounds
  2 giant frog skeletons
  A quasit (D:10)
  23 orc wizards
  7 iguanas
  13 worker ants
  10 sheep
  6 gnolls
  68 river rats
  8 adders
  2 shadow imps
  An ooze (D:2)
  An adder skeleton (D:9)
  32 worms
  168 orcs
  4 bats
  2 giant cockroaches
  5 goblins
  4 hobgoblins
  10 jackals
  3 quokkas
  A giant gecko skeleton (D:4)
  3 giant newts
  16 kobolds
  A quokka skeleton (D:4)
  3 rats
  3 plants
1153 creatures vanquished.

Vanquished Creatures (collateral kills)
  A demonic crawler (Spider:3)
  A trapdoor spider (Spider:3)
  A redback (Spider:3)
3 creatures vanquished.

Vanquished Creatures (others)
  A ghost moth (Spider:3)
  A spiny frog (Lair:8)
  A redback (Spider:4)
  A basilisk (Lair:8)
  2 slaves (D:9)
  A killer bee (shapeshifter) (D:15)
  An orc (Orc:3)
  A bush (Lair:8)
  48 fungi
  19 plants
76 creatures vanquished.

Grand Total: 1232 creatures vanquished

Notes
Turn   | Place    | Note
--------------------------------------------------------------
     0 | D:1      | 4thArraOfDagon the Felid Fighter began the quest for the Orb.
     0 | D:1      | Reached XP level 1. HP: 10/10 MP: 2/2
   213 | D:1      | Reached XP level 2. HP: 14/14 MP: 3/3
   276 | D:1      | Reached skill level 1 in Stealth
   485 | D:2      | Noticed Crazy Yiuf
   512 | D:3      | Reached XP level 3. HP: 6/17 MP: 4/4
   514 | D:3      | Noticed M4edhros's ghost (weakling OpAr)
   540 | D:3      | Found a shimmering altar of Xom.
   570 | D:5      | Entered Level 5 of the Dungeon
   580 | D:5      | Found an iron altar of Okawaru.
   759 | D:4      | Found a sand-covered staircase.
   896 | D:6      | Found Ganousm's Jewellery Emporium.
  1060 | D:6      | Noticed a phantom
  1093 | D:6      | Noticed a water moccasin
  1166 | D:6      | Noticed a scorpion
  1175 | D:6      | Found a staircase to the Ecumenical Temple.
  1187 | D:6      | Killed a scorpion
  1187 | D:6      | Reached XP level 4. HP: 21/21 MP: 5/5
  1189 | Temple   | Entered the Ecumenical Temple
  1208 | Temple   | meh
  1218 | Temple   | Became a worshipper of Pakellas the Inventive
  1316 | D:7      | Noticed an ogre
  1324 | D:7      | Killed an ogre
  1324 | D:7      | Reached skill level 1 in Spellcasting
  1324 | D:7      | Reached skill level 1 in Evocations
  1324 | D:7      | Reached XP level 5. HP: 21/24 MP: 5/7
  1360 | D:7      | Noticed an ogre
  1386 | D:7      | Killed an ogre
  1386 | D:7      | Reached skill level 5 in Unarmed Combat
  1432 | D:7      | Gained mutation: You are covered in thick fur (AC +2). [Felid growth]
  1432 | D:7      | Reached XP level 6. HP: 23/28 MP: 6/9
  1452 | D:7      | Reached skill level 5 in Dodging
  1460 | D:7      | Found a bloodstained altar of Trog.
  1734 | D:7      | Reached skill level 5 in Stealth
  1734 | D:7      | Reached XP level 7. HP: 19/32 MP: 11/11
  1997 | D:4      | ROTFL
  2201 | D:4      | Reached * piety under Pakellas
  2345 | D:4      | Found a snail-covered altar of Cheibriados.
  2466 | D:7      | Reached skill level 6 in Unarmed Combat
  2571 | D:8      | Learned a level 7 spell: Dragon Form
  2699 | D:8      | Reached skill level 1 in Transmutations
  2713 | D:8      | Noticed Grum
  2793 | D:8      | Reached XP level 8. HP: 36/36 MP: 12/12
  2820 | D:8      | Reached ** piety under Pakellas
  2891 | D:8      | Found a shadowy altar of Dithmenos.
  2929 | D:9      | Noticed Pikel
  2930 | D:9      | Killed Pikel
  2930 | D:9      | Reached skill level 7 in Stealth
  2986 | D:8      | Found a staircase to the Lair.
  3209 | D:9      | Reached skill level 5 in Fighting
  3362 | D:9      | Found a glowing golden altar of the Shining One.
  3418 | D:9      | Reached XP level 9. HP: 17/40 MP: 14/14
  3582 | D:10     | Entered Level 10 of the Dungeon
  3666 | D:10     | Noticed a gargoyle
  3679 | D:10     | uhh
  3793 | D:10     | Noticed a hill giant
  3817 | D:11     | Reached skill level 8 in Stealth
  3886 | D:11     | Noticed a centaur skeleton
  3903 | D:11     | Killed a centaur skeleton
  4311 | D:11     | Noticed Nergalle
  4485 | D:12     | Found a staircase to the Orcish Mines.
  4553 | D:12     | Found an opulent altar of Gozag.
  4568 | D:12     | Found Ahuej's Food Emporium.
  4568 | D:12     | Noticed a centaur skeleton
  4580 | D:12     | Killed a centaur skeleton
  4580 | D:12     | Reached skill level 9 in Stealth
  4580 | D:12     | Reached skill level 5 in Transmutations
  4809 | D:13     | Gained mutation: You possess an exceptional clarity of mind. [mutagenic meat]
  4810 | D:13     | Gained mutation: You are clumsy. (Dex -2) [mutagenic meat]
  4918 | D:13     | Reached XP level 10. HP: 45/45 MP: 17/17
  4990 | D:13     | Noticed a cyclops
  5215 | D:14     | Identified Secw's Guide on Destructive Contamination (You found it on level 14 of the Dungeon)
  5235 | D:14     | Learned a level 3 spell: Mephitic Cloud
  5343 | D:13     | Reached *** piety under Pakellas
  5401 | D:13     | Killed a cyclops
  5499 | D:14     | Noticed Nessos
  5507 | D:14     | HP: 1/45 [Nessos/poisoned arrow (9)]
  5510 | D:14     | Killed Nessos
  5510 | D:14     | Reached skill level 10 in Stealth
  5510 | D:14     | Reached skill level 5 in Evocations
  5684 | D:14     | Noticed a hill giant
  5688 | D:14     | Noticed Frances
  5694 | D:14     | Killed a hill giant
  5697 | D:14     | Noticed a sun demon
  5805 | D:14     | Found Rureq's Jewellery Shop.
  5831 | D:15     | Entered Level 15 of the Dungeon
  5951 | D:14     | Learned a level 4 spell: Ice Form
  6043 | D:15     | Noticed a green ugly thing
  6178 | D:15     | Noticed a four-headed hydra
  6216 | D:14     | Reached XP level 11. HP: 37/49 MP: 11/19
  6318 | D:14     | Found a sparkling altar of Nemelex Xobeh.
  6372 | D:14     | Noticed Maud
  6388 | D:14     | Killed Maud
  6388 | D:14     | Reached skill level 11 in Stealth
  6388 | D:14     | Reached skill level 5 in Spellcasting
  6579 | D:14     | HP: 2/58 [Frances/falchion (23)]
  6580 | D:14     | Slain by Frances
  6581 | D:14     | Reached XP level 10. HP: -3/55 MP: 7/18
  6589 | D:14     | HP: 2/46 [Frances/shard of ice (44)]
  6700 | D:15     | Noticed a green ugly thing
  7012 | D:12     | Noticed 4thArraOfDagon's ghost (novice NaBe)
  7052 | Orc:1    | Entered Level 1 of the Orcish Mines
  7242 | Orc:1    | Reached **** piety under Pakellas
  7357 | Orc:1    | Noticed an orc knight
  7365 | Orc:1    | Noticed a centaur warrior
  7501 | Orc:2    | Found Tiraluu's Jewellery Boutique.
  7548 | Orc:2    | Received a gift from Pakellas
  7554 | Orc:2    | ty
  7854 | Orc:3    | Noticed an ettin
  7890 | Orc:3    | Reached ***** piety under Pakellas
  7907 | Orc:3    | Found a staircase to the Elven Halls.
  7929 | Orc:3    | Killed an ettin
  8033 | Orc:3    | Noticed an orc sorcerer
  8042 | Orc:3    | Paralysed by an orc sorcerer for 4 turns
  8047 | Orc:3    | Killed an orc sorcerer
  8089 | Orc:2    | Reached XP level 11. HP: 25/50 MP: 18/20
  8354 | Orc:4    | Entered Level 4 of the Orcish Mines
  8409 | Orc:4    | Found a labyrinth entrance.
  8418 | Lab      | Entered a labyrinth
  8450 | Lab      | Reached skill level 10 in Unarmed Combat
  8494 | Lab      | Noticed a minotaur
  8502 | Lab      | Slain by a minotaur
  8503 | Lab      | Reached XP level 10. HP: -4/56 MP: 10/19
  8816 | Orc:4    | Noticed xeno23's ghost (journeyman DgAE)
  8911 | Orc:4    | Found a roughly hewn altar of Beogh.
  8912 | Orc:4    | Found Ycuczu's Food Shoppe.
  8912 | Orc:4    | Noticed an orc knight
  9147 | Orc:4    | Found a roughly hewn altar of Beogh.
  9263 | Orc:4    | Found a roughly hewn altar of Beogh.
  9326 | Orc:4    | Found a roughly hewn altar of Beogh.
  9359 | Orc:4    | Noticed an orc knight
  9438 | Orc:4    | Killed an orc knight
  9650 | Orc:4    | Found a roughly hewn altar of Beogh.
  9652 | Orc:4    | Found Biegh's Jewellery Emporium.
  9683 | Orc:4    | Killed an orc knight
  9836 | Orc:4    | Found a roughly hewn altar of Beogh.
 10007 | Elf:1    | Entered Level 1 of the Elven Halls
 10009 | Elf:1    | Noticed a deep elf knight
 10018 | Elf:1    | Killed a deep elf knight
 10091 | Elf:1    | Noticed a deep elf summoner
 10094 | Elf:1    | Killed a deep elf summoner
 10094 | Elf:1    | Reached XP level 11. HP: 50/50 MP: 14/21
 10096 | Elf:1    | Noticed a deep elf summoner
 10203 | Elf:1    | Noticed a deep elf demonologist
 10212 | Elf:2    | Noticed a deep elf knight
 10212 | Elf:2    | Noticed a deep elf death mage
 10213 | Elf:2    | Noticed a deep elf death mage
 10214 | Elf:2    | Killed a deep elf knight
 10265 | Elf:1    | Found Nanuz's Armour Shop.
 10411 | Elf:1    | Noticed a deep elf summoner
 10454 | Elf:2    | Identified Issaheh's Grimoire of Damaging Transmutation
 10630 | Elf:3    | Entered Level 3 of the Elven Halls
 10638 | Elf:3    | Noticed a deep elf summoner
 10651 | Elf:3    | Killed a deep elf summoner
 10922 | Elf:2    | Noticed a deep elf sorcerer
 10999 | Elf:1    | Noticed a deep elf summoner
 11014 | Elf:1    | Reached skill level 10 in Transmutations
 11016 | Elf:1    | Killed a deep elf summoner
 11036 | Elf:1    | Killed a deep elf demonologist
 11036 | Elf:1    | Reached skill level 10 in Dodging
 11123 | Elf:1    | Noticed a deep elf summoner
 11170 | Elf:1    | Noticed a deep elf death mage
 11172 | Elf:1    | Noticed a deep elf knight
 11351 | Orc:2    | Bought the ring of Robustness {AC+8} for 1280 gold pieces
 11420 | Orc:1    | Killed a centaur warrior
 11741 | D:12     | Gained mutation: Your thick and shaggy fur keeps you warm (AC +3, rC+). [Felid growth]
 11741 | D:12     | Reached XP level 12. HP: 45/54 MP: 23/23
 11847 | D:12     | Received a gift from Pakellas
 12000 | D:12     | Found Nunwe's Antique Weapon Shop.
 12077 | D:13     | Found Nusor's General Store.
 12275 | D:9      | Found a deep blue altar of Sif Muna.
 12501 | D:8      | Killed Grum
 12555 | Lair:1   | Entered Level 1 of the Lair of Beasts
 12878 | D:6      | Bought the amulet of Mecup {Clar rElec rF+ rN+ Int+3} for 669 gold pieces
 13071 | Lair:1   | Noticed Urug
 13115 | Lair:1   | Killed Urug
 13170 | Lair:3   | Found a hole to the Spider Nest.
 13192 | Lair:3   | Noticed Snorg
 13199 | Lair:3   | Killed Snorg
 13278 | Lair:3   | Identified a scroll of acquirement
 13361 | Lair:6   | Found a staircase to the Slime Pits.
 13361 | Lair:6   | Found a viscous altar of Jiyva.
 13505 | Lair:5   | Reached skill level 12 in Unarmed Combat
 13600 | Lair:8   | Entered Level 8 of the Lair of Beasts
 13802 | Lair:8   | Noticed a six-headed hydra
 13922 | Lair:6   | You fall through a shaft for 2 floors!
 13922 | Lair:8   | Noticed an eight-headed hydra
 14354 | Lair:7   | Learned a level 4 spell: Condensation Shield
 14393 | Lair:7   | Reached XP level 13. HP: 41/57 MP: 14/25
 15041 | Lair:6   | Reached skill level 13 in Transmutations
 15984 | Lair:5   | Received a gift from Pakellas
 16079 | Lair:8   | Found a runed door.
 16122 | Lair:8   | Reached skill level 14 in Transmutations
 16215 | Lair:8   | Reached ****** piety under Pakellas
 16602 | Lair:8   | HP: 1/57 [torpor snail (12)]
 17183 | Lair:3   | Reached XP level 14. HP: 37/61 MP: 16/28
 17493 | Elf:2    | Noticed Roxanne
 17891 | Elf:3    | Noticed a deep elf blademaster
 18023 | Elf:3    | Noticed a deep elf blademaster
 18031 | Elf:3    | Noticed a deep elf master archer
 18039 | Elf:3    | Killed a deep elf blademaster
 18055 | Elf:3    | Killed a deep elf master archer
 18246 | Elf:3    | Killed a deep elf blademaster
 18267 | Elf:3    | Noticed a deep elf master archer
 18283 | Elf:3    | Noticed Saint Roka
 18310 | Elf:3    | Killed Saint Roka
 18310 | Elf:3    | Reached skill level 10 in Evocations
 18654 | Elf:3    | Noticed a deep elf sorcerer
 18753 | Elf:3    | Killed a deep elf master archer
 18872 | Elf:3    | Killed a deep elf sorcerer
 18908 | Elf:3    | Noticed a deep elf sorcerer
 18952 | Elf:3    | Noticed a deep elf sorcerer
 19031 | Elf:3    | Killed a deep elf sorcerer
 19153 | Elf:3    | HP: 3/63 [poisoned by a deep elf annihilator (poison arrow)]
 19154 | Elf:3    | HP: 1/63 [deep elf annihilator/long sword of slicing (1)]
 19154 | Elf:3    | Slain by a deep elf annihilator
 19155 | Elf:3    | Reached XP level 13. HP: 0/59 MP: 24/27
 19256 | Elf:3    | Killed from afar by a deep elf sorcerer
 19257 | Elf:3    | Reached XP level 12. HP: 0/56 MP: 26/26
 19339 | Elf:3    | Noticed a deep elf death mage
 19373 | Elf:3    | Killed a deep elf death mage
 19455 | Elf:3    | Killed a deep elf annihilator
 19455 | Elf:3    | Reached XP level 13. HP: 59/59 MP: 18/27
 19508 | Elf:3    | Killed a deep elf demonologist
 19649 | Elf:3    | Killed a deep elf sorcerer
 19677 | Elf:3    | Noticed a deep elf demonologist
 19681 | Elf:3    | Killed a deep elf demonologist
 19706 | Elf:3    | Noticed a deep elf blademaster
 19719 | Elf:3    | Killed a deep elf blademaster
 19769 | Elf:3    | Noticed a deep elf blademaster
 19798 | Elf:3    | Killed a deep elf blademaster
 19897 | Elf:3    | Noticed a red draconian
 19897 | Elf:3    | a minotaur changed into a red draconian
 19898 | Elf:3    | a red draconian changed into an entropy weaver
 19925 | Elf:3    | Noticed an emperor scorpion
 19930 | Elf:3    | Noticed a ghost moth
 19930 | Elf:3    | an emperor scorpion changed into a ghost moth
 19937 | Elf:3    | Killed a ghost moth
 20004 | Elf:3    | Noticed a deep elf sorcerer
 20004 | Elf:3    | Noticed a deep elf sorcerer
 20004 | Elf:3    | Noticed a deep elf annihilator
 20070 | Elf:3    | Got a scorched platinum ring
 20072 | Elf:3    | Identified the ring of Rephug {rC+ Str+7 Int-3} (You found it on level 3 of the Elven Halls)
 20075 | Elf:3    | Identified the Papyrus of Combat Magic (You found it on level 3 of the Elven Halls)
 20082 | Elf:3    | Learned a level 2 spell: Stoneskin
 20103 | Elf:3    | Got a faintly glowing glass ring
 20105 | Elf:3    | Identified a ring "Jaci" {rF++ rC- MR+ Str+4 Slay+2} (You found it on level 3 of the Elven Halls)
 20188 | Elf:3    | Killed a deep elf annihilator
 20320 | Elf:3    | Killed a deep elf sorcerer
 20388 | Elf:3    | Killed a deep elf sorcerer
 20534 | Elf:2    | Killed a deep elf sorcerer
 20586 | Elf:2    | Noticed Asterion
 20658 | Elf:2    | Killed Roxanne
 20668 | Elf:2    | Learned a level 6 spell: Statue Form
 20803 | D:12     | Killed 4thArraOfDagon's ghost
 20803 | D:12     | Reached skill level 1 in Earth Magic
 20850 | D:13     | Bought 2 potions of heal wounds for 160 gold pieces
 21232 | Lair:2   | ummm
 21436 | Lair:4   | Found a staircase to the Swamp.
 21445 | Swamp:1  | Entered Level 1 of the Swamp
 21450 | Swamp:1  | Reached XP level 14. HP: 64/64 MP: 28/28
 21516 | Swamp:2  | Noticed Aizul
 21552 | Swamp:2  | Killed Aizul
 21706 | Swamp:2  | Noticed a thorn hunter
 21729 | Swamp:2  | Identified a supercharged wand of heal wounds (13) (supercharged by Pakellas)
 21731 | Swamp:2  | Noticed Louise
 21744 | Swamp:1  | Reached skill level 5 in Earth Magic
 22062 | Swamp:4  | Entered Level 4 of the Swamp
 22902 | Swamp:4  | Reached XP level 15. HP: 53/67 MP: 29/29
 22967 | Swamp:4  | Got a decaying rune of Zot
 23014 | Swamp:4  | Reached skill level 10 in Earth Magic
 23195 | Swamp:1  | Received a gift from Pakellas
 23424 | Spider:1 | Entered Level 1 of the Spider Nest
 23774 | Spider:4 | Entered Level 4 of the Spider Nest
 24399 | Spider:4 | Noticed Arachne
 24420 | Spider:4 | Killed Arachne
 24574 | Spider:4 | Learned a level 6 spell: Deflect Missiles
 24575 | Spider:4 | Got a smoking golden ring
 24585 | Spider:4 | Identified the ring of Isiar {+/*Tele +Inv rC- rN++ Int+2} (You found it on level 4 of the Spider Nest)
 25284 | Spider:4 | Reached XP level 16. HP: 73/73 MP: 4/30
 25320 | Spider:4 | Reached skill level 15 in Unarmed Combat
 25421 | Spider:4 | Reached skill level 15 in Dodging
 25597 | Spider:4 | Reached skill level 10 in Fighting
 25604 | Spider:4 | HP: 3/73 [emperor scorpion (23)]
 25604 | Spider:4 | Slain by a ghost moth
 25605 | Spider:4 | Reached XP level 15. HP: -3/69 MP: 0/29
 25731 | Spider:4 | Got a gossamer rune of Zot
 25774 | Spider:4 | Gained mutation: You can spit weak poison. [mutagenic meat]
 25776 | Spider:4 | Gained mutation: You tend to lose your temper in combat. [mutagenic meat]
 25777 | Spider:4 | Gained mutation: Your muscles are strong. (Str +2) [mutagenic meat]
 26159 | Temple   | Fell from the grace of Pakellas
 26159 | Temple   | Became a worshipper of Makhleb the Destroyer
 26524 | D:15     | Reached * piety under Makhleb
 26588 | D:15     | Found a staircase to the Depths.
 26617 | Depths:1 | Entered Level 1 of the Depths
 26617 | Depths:1 | Found Uquassup's Jewellery Shoppe.
 26632 | Depths:1 | Bought the ring of Pagoqaem {+/*Tele Stlth+} for 436 gold pieces
 26635 | Depths:1 | Noticed a tengu reaver
 26647 | Depths:1 | Killed a tengu reaver
 26863 | Depths:2 | Reached ** piety under Makhleb
 26993 | Depths:2 | Gained mutation: You are resistant to hostile enchantments. [potion of beneficial mutation]
 27165 | Depths:3 | Reached skill level 1 in Air Magic
 27183 | Depths:3 | Reached skill level 1 in Charms
 27196 | Depths:3 | Found a gateway to a bazaar.
 27197 | Depths:3 | Found a one-way gate leading to the halls of Pandemonium.
 27212 | Bazaar   | Entered a bazaar
 27212 | Bazaar   | Found Iceit's General Store.
 27212 | Bazaar   | Found Jupsulas's Jewellery Emporium.
 27213 | Bazaar   | Found Minoutis's Book Shoppe.
 27213 | Bazaar   | Found Amudobem's Book Shoppe.
 27233 | Bazaar   | Bought a book of Battle for 360 gold pieces
 27237 | Bazaar   | Bought a book of Cantrips for 200 gold pieces
 27243 | Bazaar   | Bought a potion of heal wounds for 40 gold pieces
 27243 | Bazaar   | Bought 3 scrolls of teleportation for 72 gold pieces
 27243 | Bazaar   | Bought 2 potions of curing for 48 gold pieces
 27247 | Bazaar   | Bought an uncursed amulet of resist corrosion for 240 gold pieces
 27276 | Depths:3 | Noticed Boris
 27293 | Depths:3 | Killed Boris
 27293 | Depths:3 | Reached XP level 16. HP: 69/74 MP: 27/30
 27329 | Depths:3 | Learned a level 1 spell: Apportation
 27427 | Depths:4 | Reached *** piety under Makhleb
 27472 | Depths:5 | Entered Level 5 of the Depths
 27595 | Depths:4 | Reached skill level 15 in Stealth
 27741 | Depths:4 | Found a gateway to Hell.
 27835 | Depths:5 | Noticed a tentacled monstrosity
 27854 | Depths:5 | Killed a tentacled monstrosity
 27870 | Depths:5 | Reached **** piety under Makhleb
 28026 | Depths:5 | Noticed a juggernaut
 28032 | Depths:5 | Killed a juggernaut
 28032 | Depths:5 | Reached skill level 16 in Unarmed Combat
 28124 | Depths:5 | Found a gateway to a ziggurat.
 28241 | Depths:5 | Reached skill level 10 in Spellcasting
 28255 | Depths:5 | Reached ***** piety under Makhleb
 28255 | Depths:5 | Reached skill level 5 in Charms
 28342 | Depths:5 | Reached XP level 17. HP: 78/78 MP: 19/32
 28403 | Depths:5 | Learned a level 3 spell: Regeneration
 28489 | Depths:5 | Noticed a bone dragon
 28498 | Depths:5 | Killed a bone dragon
 28570 | Depths:5 | Found a gate to the Realm of Zot.
 28714 | Depths:5 | Noticed a tentacled monstrosity
 28797 | Depths:5 | Reached skill level 5 in Air Magic
 28955 | Depths:5 | Demolished by an iron troll

Vault maps used:
D:1:      dpeg_arrival_three_smaller_balls, eino_curves_02
D:2:      first_bread, minmay_cut_off, uniq_terence, uniq_crazy_yiuf_cottage
D:3:      xom_butterflies, grunt_temple_overflow_diamond
D:4:      cheibriados_altar_wand_db, nicolae_ossuary_entry_false_entrances,
          moated_statue, corexii_mini_fake_secret_closet
D:5:      serial_curves, eino_curves_04, eino_curves_04,
          okawaru_ov_weapons_minmay
D:6:      minmay_temple_entry_poolview, serial_shops,
          nicolae_shop_competitors_out_of_business
D:7:      kennysheep_mini_moat
D:8:      nicolae_dithmenos_the_darkroom, lair_0_dummy, hangedman_tree_tricks,
          minmay_splitting_lines, uniq_grum
D:9:      kennysheep_orc_sif_temple, tso_metal_star, uniq_pikel,
          uniq_prince_ribbit1
D:10:     grunt_ministairs_4
D:11:     nicolae_underground_beach, uniq_nergalle
D:12:     orc_0_dummy, serial_shops, shop, shop_fountains, minmay_liquid_box,
          nicolae_gozag_cash_rules_everything_around_me
D:13:     lightli_vaults_fourway_checkpoint, serial_shops, nicolae_shop_stone
D:14:     basic_altar, serial_aquarium, aquarium_bridge_long_joined,
          aquarium_bridge_straight, aquarium_window_1, aquarium_window_1,
          aquarium_view_2a, aquarium_balcony_3a, serial_shops, shop,
          minmay_parallelograms, kennysheep_just_a_vault, uniq_frances,
          uniq_nessos, uniq_maud
D:15:     grunt_enter_depths_hoard, minmay_misc_feat_roman, nrook_pool_corridor
Temple:   circular_temple_12
Lair:1:   grunt_megastairs_3, uniq_urug
Lair:2:   worms_lemuel, lemuel_fruit_tree
Lair:3:   lemuel_ratsnest, spider_nest_entry_web_field, uniq_snorg
Lair:4:   minmay_swamp_entry_wisps
Lair:6:   slime_altar_1, minmay_lair_drake_nest
Lair:8:   wormcave, hangedman_lair_in_review, bh_autumn_forest_stairs
Swamp:1:  evilmike_swamp_ruin_house_2
Swamp:2:  evilmike_swamp_ruin_house_3, uniq_aizul, uniq_louise
Swamp:3:  evilmike_swamp_ruin_wall
Swamp:4:  swamp
Spider:2: uniq_norris
Spider:3: nicolae_spider_stair_cavern
Spider:4: grunt_spider_rune_circles, nicolae_spider_circle_web, uniq_arachne
Orc:2:    serial_shops, nicolae_shop_trees, nicolae_orc_crystal_geode
Orc:3:    nicolae_orc_pool_cavern, nicolae_orc_sculptors_studio
Orc:4:    grunt_orc_community_town_hall, grunt_orc_community_big_house_1,
          grunt_orc_community_big_house_1, grunt_orc_community_house_3,
          grunt_orc_community_house_1, grunt_orc_community_house_2,
          grunt_orc_community_house_3, grunt_orc_community_house_2,
          lab_entry_generic, mines1_david
Elf:1:    minmay_elf_crystal_pentagon, serial_shops,
          nicolae_shop_window_shopping, minmay_elf_necromancy
Elf:2:    serial_sigils_hangedman_etch, uniq_wiglaf, uniq_roxanne, uniq_jorgrun,
          uniq_asterion
Elf:3:    minmay_elf_hall, uniq_saint_roka
Depths:1: pf_coc_iceberg, serial_shops, nicolae_shop_window_shopping,
          serial_bayou_pond_e, grunt_pan_entry_spiral,
          mumra_transporter_accident, grunt_ministairs_1
Depths:2: fort_yaktaur, pf_hell_entry_great_geh
Depths:3: minmay_quantized_circle, serial_shops, bzr_entry_gold, pan_entry,
          hell_entry, kennysheep_crisscross, infiniplex_staircase_zigzag_1,
          uniq_boris
Depths:4: minmay_connected_triangles_in_corner, hangedman_tar_grid_catacomb,
          minmay_room_of_horrors, due_unseen_surprise, firewood_loft
Depths:5: evilmike_zot_entry_hall, enter_ziggurat_a, hell_entry, nicolae_wwwww,
          serial_bayou_pond_b
Lab:      labyrinth_spiral, nicolae_lab_garden, nicolae_lab_lava,
          nicolae_lab_hexagon, nicolae_lab_plus, nicolae_lab_checkerboard,
          nicolae_lab_grate, nicolae_lab_arrow, nicolae_lab_quarters
Bazaar:   bazaar_jpeg_oval

Action                   |  1- 3 |  4- 6 |  7- 9 | 10-12 | 13-15 | 16-18 || total
-------------------------+-------+-------+-------+-------+-------+-------++-------
Melee: Unarmed           |    73 |    43 |   259 |  1104 |  1621 |   405 ||  3505
 Cast: Ice Form          |       |       |       |    44 |     6 |       ||    50
       Mephitic Cloud    |       |       |       |     3 |     1 |       ||     4
       Dragon Form       |       |       |       |     2 |    22 |       ||    24
       Statue Form       |       |       |       |       |    46 |    22 ||    68
       Stoneskin         |       |       |       |       |    14 |    18 ||    32
       Regeneration      |       |       |       |       |       |    17 ||    17
Invok: Quick Charge      |       |       |       |     1 |     1 |       ||     2
       Device Surge      |       |       |       |       |     2 |       ||     2
       Supercharge       |       |       |       |       |     1 |       ||     1
 Abil: Evoke Teleportati |     3 |       |       |       |       |       ||     3
       End Transformatio |       |       |       |     4 |     8 |       ||    12
       Evoke Berserk Rag |       |       |       |     8 |    14 |     1 ||    23
       Breathe Fire      |       |       |       |     1 |    13 |       ||    14
Evoke: Wand              |     2 |    10 |    30 |    27 |    64 |    14 ||   147
       Fan of gales      |       |       |       |     1 |     1 |     2 ||     4
       Deck              |       |       |       |       |     5 |       ||     5
       Disc of storms    |       |       |       |       |     1 |       ||     1
  Use: Scroll            |     6 |     3 |     2 |    16 |    23 |     3 ||    53
       Potion            |     5 |       |       |     4 |    19 |     5 ||    33
 Stab: Sleeping          |    10 |     2 |    27 |    75 |    34 |     9 ||   157
       Paralysed         |       |       |     1 |     1 |       |       ||     2
       Distracted        |       |       |       |     3 |     3 |     2 ||     8
       Confused          |       |       |       |       |     1 |       ||     1
  Eat: Chunk             |     7 |     2 |     9 |    47 |   100 |    18 ||   183
       Beef jerky        |       |       |       |     2 |       |       ||     2
       Pizza             |       |       |       |     1 |     1 |       ||     2
       Royal jelly       |       |       |       |       |     2 |       ||     2
